AoeStats
← wzd27

Black Forest

509705198Analyzed
4v4 RM · 6d ago on Sep 27, 2026· 56m 11s· 8 players
Game mode
Random Map
Map size
Large (8 player)
Population
200
Speed
Normal
Resources
Standard
Victory
Conquest
Starting age
Dark Age
Ending age
Imperial Age
RankedLock teamsTeams togetherTeam positionsShared explorationLock speedFull tech treeHidden civsTurbo modeCheats
Victory
Defeat
🇩🇪 Japanese · Germany
1020
+14
🇲🇽 Spanish · Mexico
1009
+15
🇬🇧 Celts · United Kingdom
1003
+15
🇩🇪 Ethiopians · Germany
972
+16
🇺🇸 Bohemians · United States
1045
-17
🇦🇷 Wei · Argentina
996
-16
🇺🇸 Spanish · United States
964
-14
🇺🇸 Danes · United States
930
-13
OldFlesty
0:27 Loom
14:31 Feudal Age
15:57 Wheelbarrow
19:33 Castle Age
19:12 Double-Bit Axe
19:11 Horse Collar
20:30 Hand Cart
20:01 Town Watch
20:38 Bow Saw
25:40 Gold Mining
25:58 Stone Mining
29:06 Caravan
33:04 Imperial Age
31:49 Forging
31:40 Scale Mail Armor
32:28 Gold Shaft Mining
32:36 Stone Shaft Mining
32:12 Pikeman
33:14 Halberdier
34:07 Gambesons
34:09 Arson
35:45 Iron Casting
35:26 Chain Mail Armor
35:31 Onager
37:47 Conscription
37:46 Furor Celtica
39:13 Siege Onager
40:56 Fortified Wall
41:08 Ballistics
41:48 Chemistry
42:14 Guilds
42:55 Siege Engineers
46:41 Blast Furnace
46:12 Plate Mail Armor
45:32 Fletching
46:05 Capped Ram
47:58 Siege Ram
50:37 Bodkin Arrow
55:22 Cavalier
55:58 Stronghold
55:39 Sappers
56:54 Hoardings
56:30 Husbandry
56:43 Scale Barding Armor
eduhaas
0:44 Loom
12:37 Feudal Age
16:22 Castle Age
14:45 Double-Bit Axe
14:44 Horse Collar
17:32 Bow Saw
17:26 Heavy Plow
20:06 Wheelbarrow
26:39 Gold Mining
31:22 Imperial Age
29:43 Hand Cart
29:13 Town Watch
30:15 Forging
30:06 Padded Archer Armor
29:57 Fletching
30:28 Fortified Wall
33:10 Chemistry
32:30 Ballistics
32:53 Conscription
32:56 Elite Skirmisher
33:42 Thumb Ring
33:40 Bodkin Arrow
34:00 Leather Archer Armor
34:12 Ballistics
34:22 Capped Ram
36:13 Stone Mining
57:01 Stone Shaft Mining
56:44 Caravan
chaconuribedesign
0:30 Loom
13:25 Feudal Age
20:42 Castle Age
18:56 Forging
19:16 Horse Collar
19:28 Double-Bit Axe
21:32 Fletching
22:14 Scale Mail Armor
25:28 Town Watch
30:12 Iron Casting
33:21 Fortified Wall
34:05 Chain Mail Armor
38:58 Imperial Age
37:28 Wheelbarrow
37:00 Gold Mining
37:07 Bodkin Arrow
37:49 Heavy Plow
38:30 Padded Archer Armor
39:25 Hand Cart
40:55 Blast Furnace
39:28 Elite Skirmisher
41:46 Conscription
42:33 Bracer
44:07 Leather Archer Armor
43:58 Arson
45:56 Bow Saw
46:21 Man-at-Arms
47:01 Squires
49:38 Two-Man Saw
48:06 Pikeman
48:33 Crossbowman
49:32 Town Patrol
50:59 Chemistry
50:06 Light Cavalry
50:58 Bloodlines
51:15 Ballistics
52:07 Husbandry
52:21 Thumb Ring
52:41 Arbalester
53:43 Caravan
53:58 Halberdier
55:12 Cavalier
wzd27
1:36 Loom
14:16 Feudal Age
14:52 Horse Collar
15:02 Double-Bit Axe
15:17 Gold Mining
20:41 Castle Age
19:37 Forging
20:03 Stone Mining
22:16 Bow Saw
22:10 Heavy Plow
25:53 Gold Shaft Mining
25:56 Stone Shaft Mining
26:01 Wheelbarrow
25:11 Town Watch
25:27 Town Watch
27:59 Hand Cart
28:21 Town Patrol
32:24 Fletching
32:35 Padded Archer Armor
35:09 Imperial Age
33:02 Ballistics
32:52 Fortified Wall
32:39 Murder Holes
32:55 Masonry
32:47 Crossbowman
33:33 Thumb Ring
34:08 Squires
34:14 Bodkin Arrow
34:34 Leather Archer Armor
34:20 Scale Mail Armor
34:55 Iron Casting
35:11 Halberdier
37:00 Chemistry
36:07 Siege Engineers
35:26 Arbalester
36:27 Bracer
37:00 Ring Archer Armor
40:32 Iron Casting
40:13 Chain Mail Armor
39:46 Arson
44:40 Caravan
45:38 Torsion Engines
45:59 Conscription
Pato
0:27 Loom
13:57 Feudal Age
14:26 Double-Bit Axe
20:44 Castle Age
20:54 Horse Collar
31:58 Imperial Age
32:57 Wheelbarrow
32:43 Bloodlines
33:38 Padded Archer Armor
36:03 Chemistry
36:40 Hand Cart
36:21 Gold Mining
36:54 Cavalier
38:58 Forging
38:53 Scale Barding Armor
41:22 Conscription
42:03 Elite Skirmisher
42:49 Thumb Ring
53:54 Paladin
LeandroPaul79
0:53 Loom
11:12 Feudal Age
11:45 Double-Bit Axe
11:42 Horse Collar
11:54 Gold Mining
11:56 Stone Mining
14:09 Wheelbarrow
18:08 Castle Age
19:01 Heavy Plow
19:38 Gold Shaft Mining
20:39 Bow Saw
21:21 Stone Shaft Mining
22:54 Hand Cart
27:06 Imperial Age
24:25 Town Watch
28:35 Town Patrol
29:02 Scale Barding Armor
29:07 Forging
30:52 Chemistry
30:03 Masonry
30:56 Crop Rotation
30:30 Murder Holes
31:37 Treadmill Crane
31:48 Heated Shot
32:42 Caravan
33:50 Chain Barding Armor
34:06 Iron Casting
33:23 Fletching
33:33 Padded Archer Armor
34:37 Ming Guang Armor
34:13 Tuntian
34:49 Hoardings
34:55 Ballistics
35:09 Husbandry
35:19 Bloodlines
34:30 Heavy Hei Guang Cavalry
34:31 Light Cavalry
38:59 Hussar
40:19 Elite Skirmisher
41:04 Thumb Ring
41:28 Parthian Tactics
42:30 Bodkin Arrow
42:50 Leather Archer Armor
46:18 Ring Archer Armor
45:48 Bracer
46:49 Blast Furnace
46:58 Scale Mail Armor
DharasZ
0:50 Loom
12:32 Feudal Age
14:20 Wheelbarrow
14:21 Double-Bit Axe
14:21 Horse Collar
21:13 Castle Age
22:04 Bow Saw
22:18 Fletching
23:57 Redemption
25:09 Hand Cart
27:12 Hand Cart
29:38 Imperial Age
29:57 Chemistry
28:47 Pikeman
29:32 Scale Mail Armor
32:19 Conscription
33:03 Two-Man Saw
34:19 Siege Engineers
34:09 Murder Holes
35:53 Masonry
35:55 Forging
37:12 Wagenburg Tactics
36:59 Halberdier
38:44 Ballistics
39:01 Iron Casting
38:41 Chain Mail Armor
38:57 Town Watch
39:04 Fletching
39:52 Squires
40:54 Blast Furnace
40:16 Fervor
40:27 Sanctity
42:14 Town Patrol
42:18 Heavy Plow
45:05 Houfnice
48:15 Hussite Reforms
49:23 Architecture
AAC L10 M3SS1
0:38 Loom
11:25 Feudal Age
11:54 Double-Bit Axe
14:49 Stone Mining
20:16 Castle Age
18:16 Horse Collar
25:07 Heavy Plow
32:03 Imperial Age
29:25 Town Watch
30:17 Wheelbarrow
30:12 Ballistics
30:38 Gold Mining
31:24 Stone Shaft Mining
31:35 Forging
31:26 Padded Archer Armor
31:17 Fletching
31:39 Heated Shot
34:33 Conscription
33:38 Capped Ram
34:50 Hand Cart
35:06 Leather Archer Armor
37:10 Hamask
38:31 Town Patrol
38:33 Bodkin Arrow
38:40 Scale Mail Armor
41:50 Caravan
41:40 Elite Jomsviking
46:50 Iron Casting
48:22 Chemistry
52:04 Chain Mail Armor
52:50 Blast Furnace
Connection lost

Rejoining the realm…

Still unreachable

The connection could not be restored.

Session expired

The server has moved on; the page needs a fresh start.